 Dungeon Crawl Stone Soup version 0.32-a0-30-gefbe487952 (webtiles) character file.

Game seed: 18018426184065027535

77236 emikaela the Reanimator (level 15, -6/126 HPs)
             Began as a Black Draconian Necromancer on May 21, 2022.
             Was an Elder of Lugonu.
             Mangled by an orc knight
             ... wielding a +0 dire flail
              (17 damage)
             ... on level 2 of the Orcish Mines on Jan 19, 2024.
             The game lasted 02:56:49 (31953 turns).

emikaela the Reanimator (DrNe)                     Turns: 31953, Time: 02:56:50

Health: -6/126     AC: 12    Str: 10    XL:     15   Next: 14%
Magic:  0/27       EV: 14    Int: 34    God:    Lugonu [****..]
Gold:   1818       SH:  0    Dex: 14    Spells: 1/30 levels left

rFire   + . .        a - staff of death
rCold   . . .        (no shield)
rNeg    + . .        (body armour unavailable)
rPois   +            (helmet restricted)
rElec   +            o - scarf {repulsion}
rCorr   .            (no gloves)
SInv    .            R - +2 pair of boots
Will    ++...        Q - amulet of the Open Hand {Spirit Int+7}
Stlth   ++++         M - ring of Geczauxi {rPois rF+ Int+2}
HPRegen 0.41/turn    O - ring of Fait {Will+ Int+4 Stlth+}
MPRegen 0.20/turn

%: repel missiles, guardian spirit
@: short of breath, animating dead, flying
A: breathe lightning, AC +9, unfitting armour, big wings, electricity
resistance, cold-blooded
a: Breathe Lightning, Renounce Religion, Depart the Abyss, Banish, Corrupt


You were on level 2 of the Orcish Mines.
You worshipped Lugonu.
Lugonu was greatly pleased with you.
You visited 4 branches of the dungeon, and saw 20 of its levels.
You visited the Abyss 1 time.
You also visited: Bailey.

You collected 2330 gold pieces.
You spent 512 gold pieces at shops.

Inventory:

Hand Weapons
 b - a +2 demon whip of flaming
Missiles
 e - 10 poisoned darts
 j - 4 javelins
 n - 7 throwing nets {!f}
 s - 455 stones (quivered)
 t - 8 boomerangs
 E - 6 curare-tipped darts {!f}
Armour
 o - a scarf of repulsion (worn)
 D - a +2 cloak
 R - a +2 pair of boots (worn)
Magical Staves
 a - a staff of death (weapon)
Jewellery
 q - an amulet of reflection
 x - the ring of Equilibrium {rCorr Slay+3}
   (You found it on level 5 of the Dungeon)

   [ring of resist corrosion]

   Slay+3:    It affects your accuracy & damage with ranged weapons and melee
   (+3).
   rCorr:     It protects you from acid and corrosion.
 C - a +4 ring of protection
 L - a ring of protection from cold
 M - the ring of Geczauxi (left hand) {rPois rF+ Int+2}
   (You took it off an orc on level 9 of the Dungeon)

   [ring of poison resistance]

   Int+2:     It affects your intelligence (+2).
   rF+:       It protects you from fire.
   rPois:     It protects you from poison
 N - the ring "Horhav" {rElec rF+ Int+4}
   (You took it off an orc wizard on level 9 of the Dungeon)

   [ring of protection from fire]

   Int+4:     It affects your intelligence (+4).
   rF+:       It protects you from fire.
   rElec:     It insulates you from electricity.
 O - the ring of Fait (right hand) {Will+ Int+4 Stlth+}
   (You took it off a rakshasa on level 9 of the Dungeon)

   [ring of willpower]

   Int+4:     It affects your intelligence (+4).
   Will+:     It increases your willpower.
   Stlth+:    It makes you more stealthy.
 Q - the amulet of the Open Hand (around neck) {Spirit Int+7}
   (You found it on level 9 of the Dungeon)

   [amulet of guardian spirit]

   Spirit:    It causes incoming damage to be divided between your reserves of
   health and magic.
   Int+7:     It affects your intelligence (+7).
 U - a ring of positive energy
Wands
 d - a wand of charming (5)
 k - a wand of roots (4)
 A - a wand of acid (8)
 B - a wand of iceblast (3)
 F - a wand of flame (10)
 G - a wand of digging (1)
 Y - a wand of polymorph (5)
Scrolls
 c - 2 scrolls of enchant armour
 f - a scroll of fear
 g - 4 scrolls of fog
 l - 3 scrolls of blinking
 m - 2 scrolls of revelation
 p - 4 scrolls of teleportation
 v - 2 scrolls of vulnerability {!r}
 K - 2 scrolls of torment {unknown}
 P - 3 scrolls of poison {unknown}
 W - a scroll of enchant weapon
 X - 2 scrolls of silence {!r}
Potions
 h - 6 potions of heal wounds
 r - a potion of brilliance
 u - a potion of magic
 w - 6 potions of curing
 y - 4 potions of invisibility
 z - 3 potions of lignification {!q}
 H - 3 potions of resistance
 I - 3 potions of mutation {!q}
 J - a potion of might
 S - 2 potions of cancellation
 T - 2 potions of ambrosia
 V - a potion of berserk rage {!q}
 Z - 2 potions of haste
Miscellaneous
 i - a lightning rod (inert)


   Skills:
 - Level 10.0 Fighting
 - Level 13.7(14.6) Maces & Flails
 - Level 8.3(12.0) Staves
 - Level 6.0 Dodging
 - Level 7.0 Stealth
 - Level 8.0 Spellcasting
 - Level 14.0 Necromancy
 - Level 7.0 Earth Magic
 - Level 2.0 Alchemy
 + Level 4.0 Invocations
 + Level 9.9 Evocations
 - Level 1.7 Shapeshifting


You had one spell level left.
You knew the following spells:

 Your Spells              Type           Power      Damage    Failure   Level
a - Necrotise             Necr           100%       1d9       0%          1
b - Borgnjor's Vile Clut  Necr/Erth      45%        N/A       1%          5
d - Animate Dead          Necr           100%       N/A       1%          4
g - Curse of Agony        Necr           100%       N/A       1%          5
n - Dispel Undead         Necr           100%       3d31      1%          4
p - Pain                  Necr           100%       1d9       0%          1
s - Animate Skeleton      Necr           100%       N/A       0%          1
u - Sublimation of Blood  Necr           100%       N/A       0%          2
v - Vampiric Draining     Necr           100%       2d13      1%          3
w - Passwall              Erth           57%        N/A       1%          3

Your spell library contained the following spells:

 Spells                   Type           Power      Damage    Failure   Level
 Slow                     Hex            52%        N/A       3%          1
 Fugue of the Fallen      Necr           100%       N/A       1%          3
 Stone Arrow              Conj/Erth      74%        3d11      2%          3
 Ensorcelled Hibernation  Hex/Ice        26%        N/A       4%          2
 Lesser Beckoning         Tloc           26%        N/A       4%          2
 Lee's Rapid Deconstruct  Erth           28%        3d15*     4%          5
 Confusing Touch          Hex            13%        N/A       10%         3
 Dazzling Flash           Conj/Hex       26%        N/A       10%         3
 Frozen Ramparts          Ice            26%        1d4       10%         3
 Gell's Gravitas          Tloc           13%        N/A       10%         3
 Portal Projectile        Hex/Tloc       26%        N/A       10%         3
 Summon Ice Beast         Ice/Summ       13%        N/A       10%         3
 Swiftness                Air            13%        N/A       10%         3
 Teleport Other           Tloc           13%        N/A       10%         3
 Tukima's Dance           Hex            13%        N/A       10%         3
 Volatile Blastmotes      Fire/Tloc      26%        2d12      10%         3
 Fulminant Prism          Conj/Alch      10%        3d8       22%         4
 Iskenderun's Mystic Bla  Conj/Tloc      13%        2d5       32%         4
 Irradiate                Conj/Alch      10%        3d15      52%         5
 Borgnjor's Revivificati  Necr           52%        N/A       56%         8
 Infestation              Necr           52%        N/A       56%         8
 Fireball                 Conj/Fire      6%         3d5       65%         5
 Iskenderun's Battlesphe  Conj           13%        2d7       65%         5
 Bombard                  Conj/Erth      18%        9d4       75%         6
 Haunt                    Necr/Summ      37%        N/A       83%         7
 Sculpt Simulacrum        Ice/Alch       10%        N/A       97%         6
 Conjure Ball Lightning   Conj/Air       6%         3x3d6     99%         6
 Starburst                Conj/Fire      6%         6d4       99%         6
 Orb of Destruction       Conj           6%         9d6       100%        7
 Spellforged Servitor     Conj/Summ      6%         N/A       100%        7
 Summon Hydra             Summ           6%         N/A       100%        7
 Lehudib's Crystal Spear  Conj/Erth      18%        10d6      100%        8
 Death's Door             Necr           52%        N/A       100%        9
 Animate Armour           Summ/Erth      Unusable   N/A       N/A         4

Dungeon Overview and Level Annotations

Branches:
Dungeon (11/15)            Temple (1/1) D:6            Lair (6/6) D:9
 Shoals (0/4) Lair:2       Spider (0/4) Lair:4        Slime (0/5) Lair:5
    Orc (2/2) D:10            Elf (0/3) Orc:2        Bailey (visited)

Altars:
Ashenzari
Dithmenos
Fedhas
Kikubaaqudgha
Okawaru
Qazlal
Sif Muna
Vehumet
Wu Jian
Xom
Jiyva
Lugonu

Shops:
D:8 !   Orc:1 !   Orc:2 (

Portals:
Abyss: Lair:6
Trove: D:11 (give +4 shadow dragon scales)

Annotations:
D:2 1 runed translucent door, Crazy Yiuf
D:3 Grinder, Robin
D:7 3 runed translucent doors, Philosophunculist's ghost, novice DrCj; initializr's ghost, novice GrEE
Lair:1 Fannar
Lair:4 2 transporters, Okey's ghost, journeyman DDFi


Innate Abilities, Weirdness & Mutations

You can breathe wild blasts of lightning.
Your glossy black scales are hard. (AC +9)
You cannot fit into any form of body armour.
Your large and strong wings let you fly.
You are resistant to electric shocks. (rElec)
You are cold-blooded and may be slowed by cold attacks.


Message History

Casting: Vampiric Draining (safe; 1% risk of failure)
Confirm with . or Enter, or press ? or * to list all spells.
Aiming: Vampiric Draining (safe; 1% risk of failure)
Press: ? - help, Shift-Dir - straight line, f/p - orc knight
Aim: an orc knight, wielding a +0 dire flail and wearing a +0 chain mail (severely wounded, ally target)
You feel a surge of power!
You draw life force from the orc knight!
You feel life coursing into your body.
* * * LOW MAGIC WARNING * * *
The warg bites you!
* * * LOW MAGIC WARNING * * *;
* * * LOW HITPOINT WARNING * * *
The orc high priest misses you. The orc misses you.
The spectral warg barely misses you.
Your orc warrior zombie hits the orc knight but does no damage.
The orc warrior unwields a +0 arbalest.
The orc warrior wields a +0 long sword.
The orc warrior hits your orc zombie with a +0 long sword!!
Your orc zombie is destroyed!
Casting: Vampiric Draining (safe; 1% risk of failure)
Confirm with . or Enter, or press ? or * to list all spells.
Aiming: Vampiric Draining (safe; 1% risk of failure)
Press: ? - help, Shift-Dir - straight line, f/p - orc knight
Aim: an orc knight, wielding a +0 dire flail and wearing a +0 chain mail (almost dead)
You feel a surge of power!
You draw life force from the orc knight.
You feel life coursing into your body.
The orc warrior shouts!
* * * LOW MAGIC WARNING * * *
The warg bites you but does no damage. The spectral warg closely misses you.
The orc high priest hits you from afar with a +0 halberd!
* * * LOW HITPOINT WARNING * * *
The orc hits you but does no damage. The troll barely misses you.
The troll claws you but does no damage. The troll barely misses you.
The warg bites you.
* * * LOW HITPOINT WARNING * * *
Your orc warrior zombie hits the orc knight but does no damage.
The orc warrior hits your orc warrior zombie with a +0 long sword!
The spectral warg barely misses you.
The orc knight hits you with a +0 dire flail!!
* * * LOW MAGIC WARNING * * *
You die...

...........................[
............)#........#.....#
.......).....[).........##.###
..............................#
..........).........#...........
............)....)....[........[#
..............oo.................
..............ZohZ..........###.#
.........).....o@..)........# ###
.........$)....T...[........##
..........[).................#
........................[...##
........................[)..#
.....................#.[[...##
............##.........)[#...#
.......#....##..........#....#
..#...####.####.#.#.##.###..##


You could see an orc knight, an orc high priest (strong), a spectral warg, a
troll, a warg, an orc warrior (strong, ally target), an orc (strong) and a
friendly orc warrior zombie.

Vanquished Creatures
  An orc warlord (Orc:2)
  Nessos (Orc:2)
  A rakshasa (D:9)
  6 hydras
  2 catoblepae (Lair:6)
  2 boulder beetles
  Erica (D:9)
  4 two-headed ogres
  A thrashing horror (Lair:6)
  10 death yaks
  Sonja (Orc:1)
  4 skysharks
  5 orc sorcerers (Orc:2)
  3 orc knights
  2 cyclopes
  2 ugly things
  A manticore (Lair:2)
  13 elephants
  Joseph (D:9)
  7 black mambas
  Maggie (Lair:2)
  9 cane toads
  A gargoyle (D:9)
  A rime drake (Lair:6)
  Psyche (D:9)
  2 kobold demonologists
  A yaktaur (shapeshifter) (Lair:6)
  An ancient zyme (Lair:6)
  3 komodo dragons
  A polar bear (Lair:3)
  7 trolls
  A wind drake (Lair:2)
  5 saltlings (Orc:2)
  16 blink frogs
  3 dream sheep (Lair:6)
  Prince Ribbit (D:9)
  A slime creature (D:9)
  A shadow (D:11)
  4 wraiths
  13 yaks
  A spriggan (Lair:6)
  2 ynoxinuls (Lair:6)
  A chaos spawn (Lair:6)
  3 basilisks
  2 wyverns
  A golden eye (Abyss:1)
  A steam dragon (D:8)
  A vampire mosquito (D:9)
  A large abomination (Lair:6)
  5 wargs
  An acid dragon (D:11)
  7 water moccasins
  3 black bears
  28 orc warriors
  3 sky beasts
  3 ice beasts
  6 ogres (Orc:2)
  A centaur (D:9)
  20 wolves
  9 small abominations
  4 kobold brigands
  2 phantoms
  7 bullfrogs
  A scorpion (D:4)
  A necrophage (D:6)
  3 gnoll sergeants
  A warg zombie (Orc:2)
  4 wights (D:7)
  5 killer bees
  7 howler monkeys
  An electric eel (Lair:1)
  A quasit (Abyss:1)
  8 hounds
  9 orc priests
  4 jellies
  Terence (D:2)
  4 iguanas
  14 orc wizards
  4 hell rats (Lair:6)
  23 gnolls
  9 adders
  An orc zombie (Bailey)
  2 shadow imps
  3 white imps
  An ufetubus (D:6)
  3 ribbon worms
  64 orcs
  6 bats
  12 endoplasms
  2 giant cockroaches
  13 goblins
  15 hobgoblins
  3 jackals (D:3)
  3 quokkas
  8 ball pythons
  4 frilled lizards
  22 kobolds
  5 rats
520 creatures vanquished.

Vanquished Creatures (collateral kills)
  2 hydras
  Harold (Lair:2)
  A catoblepas (Lair:4)
  4 death yaks
  An orc high priest (Orc:1)
  2 thrashing horrors (Lair:6)
  A skyshark (Lair:6)
  A lindwurm (Lair:3)
  7 elephants
  A cane toad (Lair:1)
  2 komodo dragons
  A rime drake (Lair:5)
  3 ancient zymes (Lair:6)
  2 trolls
  7 blink frogs
  4 dream sheep (Lair:6)
  2 small abominations (Lair:6)
  A yak (shapeshifter) (Lair:6)
  8 yaks
  2 basilisks (Lair:6)
  Grum (D:9)
  A chaos spawn (Lair:6)
  A redback (Lair:4)
  A water moccasin (Lair:5)
  A black bear (Lair:3)
  5 wolves
  2 bullfrogs
  A killer bee (D:9)
  A gnoll bouda (D:8)
  5 hell rats (Lair:6)
  7 orcs
  A goblin (D:9)
  2 kobolds
82 creatures vanquished.

Vanquished Creatures (others)
  A centaur zombie (Orc:2)
  A hydra zombie (Lair:6)
  2 black mamba zombies (Lair:1)
  A skyshark zombie (Lair:6)
  8 elephant zombies
  9 blink frog zombies
  8 yak zombies
  2 troll zombies
  10 wolf zombies
  2 bullfrog zombies
  A basilisk zombie (Lair:6)
  5 killer bee zombies (D:9)
  2 ogre zombies (Orc:2)
  A hound zombie (Lair:1)
  A howler monkey zombie (D:7)
  A gnoll (Bailey)
  27 orc zombies
  A steam dragon zombie (D:8)
  A bat (D:9)
  2 gnoll zombies
  3 goblin zombies (D:9)
  3 kobold zombies (D:9)
92 creatures vanquished.

Grand Total: 694 creatures vanquished

Notes
Turn   | Place    | Note
-------+----------+-------------------------------------------
     0 | D:1      | emikaela the Draconian Necromancer began the quest for the
                  | Orb.
     0 | D:1      | Reached XP level 1. HP: 14/14 MP: 3/3
   307 | D:1      | Reached XP level 2. HP: 16/20 MP: 0/5
   381 | D:1      | Learned a level 1 spell: Animate Skeleton
   984 | D:1      | Reached skill level 5 in Necromancy
  1360 | D:2      | Reached XP level 3. HP: 26/26 MP: 6/6
  1364 | D:2      | Learned a level 3 spell: Vampiric Draining
  1612 | D:2      | Noticed Terence
  1620 | D:2      | Killed Terence
  1777 | D:2      | Found a runed translucent door.
  1778 | D:2      | Noticed Crazy Yiuf
  1822 | D:2      | Reached XP level 4. HP: 30/33 MP: 4/7
  2491 | D:3      | Noticed a water moccasin
  2509 | D:3      | Killed a water moccasin
  2510 | D:3      | Reached skill level 6 in Necromancy
  2510 | D:3      | Reached XP level 5. HP: 15/38 MP: 3/9
  2873 | D:3      | Noticed Grinder
  2911 | D:3      | Learned a level 4 spell: Animate Dead
  3922 | D:3      | Noticed Robin
  4107 | D:3      | Reached XP level 6. HP: 39/45 MP: 3/10
  4189 | D:3      | Found a faded altar of an unknown god.
  4452 | D:4      | Reached skill level 1 in Evocations
  4774 | D:4      | Reached skill level 7 in Necromancy
  5041 | D:4      | Found a stormy altar of Qazlal.
  5041 | D:4      | Found a shimmering blue altar of Sif Muna.
  5041 | D:4      | Found a radiant altar of Vehumet.
  5045 | D:4      | Found a shimmering altar of Xom.
  5071 | D:4      | Your scales start taking on a glossy black colour.
  5071 | D:4      | Reached XP level 7. HP: 26/50 MP: 12/12
  5071 | D:4      | Gained mutation: You are resistant to electric shocks.
                  | (rElec) [Black Draconian growth]
  5526 | D:5      | Entered Level 5 of the Dungeon
  5938 | D:5      | Reached skill level 8 in Necromancy
  6060 | D:5      | Learned a level 5 spell: Agonizing Touch
  6201 | D:5      | Identified the ring of Equilibrium {rCorr Slay+3}
  7221 | D:6      | Reached XP level 8. HP: 54/57 MP: 9/14
  7416 | D:6      | Reached skill level 9 in Necromancy
  7542 | D:6      | Found a blossoming altar of Fedhas.
  8173 | D:6      | Found a staircase to the Ecumenical Temple.
  8180 | Temple   | Entered the Ecumenical Temple
  8204 | Temple   | Became a worshipper of Kikubaaqudgha
  8418 | D:7      | Upgraded the game from 0.29-a0-330-g52719c12eb to
                  | 0.29-a0-529-gfa20dd96a1
  8442 | D:7      | Found a broken altar of Ashenzari.
  8444 | D:7      | Found an ornate altar of the Wu Jian Council.
  8721 | D:7      | Reached skill level 1 in Staves
  8721 | D:7      | Reached skill level 10 in Necromancy
  9070 | D:7      | Reached XP level 9. HP: 57/62 MP: 12/15
  9254 | D:7      | Found a runed translucent gate.
  9255 | D:7      | Found a runed translucent gate.
  9256 | D:7      | Found a runed translucent gate.
  9259 | D:7      | Noticed initializr's ghost (novice GrEE)
  9259 | D:7      | Noticed Philosophunculist's ghost (novice DrCj)
  9685 | D:8      | Reached skill level 11 in Necromancy
 10013 | D:8      | Reached skill level 1 in Fighting
 10132 | D:8      | Found Xublell's Distillery.
 10137 | D:8      | Bought a potion of ambrosia for 96 gold pieces
 10137 | D:8      | Bought a potion of resistance for 120 gold pieces
 10137 | D:8      | Bought a potion of mutation for 96 gold pieces
 10423 | D:8      | Noticed a two-headed ogre
 10424 | D:8      | Reached * piety under Kikubaaqudgha
 10424 | D:8      | Received a gift from Kikubaaqudgha
 10430 | D:8      | Killed a two-headed ogre
 10766 | D:8      | Reached XP level 10. HP: 66/75 MP: 8/17
 10781 | D:8      | Reached skill level 5 in Evocations
 11035 | D:9      | Noticed Prince Ribbit
 11036 | D:9      | Noticed Joseph
 11047 | D:9      | Found a staircase to the Lair.
 11048 | D:9      | Noticed Grum
 11175 | D:9      | Learned a level 1 spell: Necrotise
 11178 | D:9      | Learned a level 2 spell: Sublimation of Blood
 11218 | D:9      | Reached skill level 5 in Spellcasting
 11294 | D:9      | Found a flagged portal.
 11294 | D:9      | Noticed Erica
 11311 | D:9      | Killed Erica
 11311 | D:9      | Reached ** piety under Kikubaaqudgha
 11384 | D:9      | Killed Prince Ribbit
 11428 | Bailey   | Entered a bailey
 11690 | Bailey   | Reached skill level 5 in Staves
 12218 | Bailey   | Found the +3 salamander hide armour {Flames rF++ rC--}
 12218 | Bailey   | Noticed an orc knight
 12272 | Bailey   | Killed an orc knight
 12498 | D:9      | Acquired a +1 vampiric demon whip
 12565 | D:9      | Killed Grum
 12566 | D:9      | Reached skill level 1 in Maces & Flails
 12678 | D:9      | Noticed a boulder beetle
 12692 | D:9      | Killed a boulder beetle
 12934 | D:9      | Reached XP level 11. HP: 78/85 MP: 16/19
 13141 | D:9      | Identified the ring of Fait {Will+ Int+4 Stlth+}
 13141 | D:9      | Noticed a rakshasa
 13228 | D:9      | Identified the ring "Horhav" {rElec rF+ Int+4}
 13402 | D:9      | Identified the ring of Geczauxi {rPois rF+ Int+2}
 13414 | D:9      | Noticed Psyche
 13430 | D:9      | Killed Psyche
 13431 | D:9      | Reached skill level 5 in Fighting
 13431 | D:9      | Reached skill level 5 in Stealth
 13774 | D:9      | Reached *** piety under Kikubaaqudgha
 13774 | D:9      | Received a gift from Kikubaaqudgha
 13822 | D:9      | Noticed a red ugly thing
 14308 | D:9      | Killed a rakshasa
 14309 | D:9      | Reached skill level 12 in Necromancy
 14508 | D:9      | Learned a level 4 spell: Dispel Undead
 14553 | D:9      | Killed Joseph
 14801 | D:9      | Reached skill level 5 in Dodging
 15095 | D:9      | Killed a red ugly thing
 15213 | D:9      | Identified the amulet of the Open Hand {Spirit Int+7}
 15317 | Lair:1   | Entered Level 1 of the Lair of Beasts
 15375 | Lair:1   | Reached skill level 5 in Maces & Flails
 15517 | Lair:1   | Noticed Fannar
 15885 | Lair:1   | Noticed a four-headed hydra
 16239 | Lair:1   | Killed a four-headed hydra
 16311 | Lair:1   | Reached XP level 12. HP: 69/96 MP: 11/22
 17333 | Lair:2   | Noticed Maggie
 17589 | Lair:2   | Noticed Harold
 17606 | Lair:2   | Killed Harold
 18310 | Lair:2   | Killed Maggie
 18391 | Lair:2   | Found a staircase to the Shoals.
 18596 | Lair:3   | Upgraded the game from 0.29-a0-529-gfa20dd96a1 to
                  | 0.31-a0-4-gefa6de2278
 18689 | Lair:3   | Reached **** piety under Kikubaaqudgha
 18920 | Lair:3   | Noticed a seven-headed hydra
 18929 | Lair:3   | Killed a seven-headed hydra
 19046 | Lair:3   | Reached skill level 10 in Maces & Flails
 19454 | Lair:3   | Learned a level 3 spell: Passwall
 19548 | Lair:4   | Reached skill level 1 in Transmutations
 19554 | Lair:4   | Reached skill level 1 in Earth Magic
 19704 | Lair:4   | Noticed a catoblepas
 19711 | Lair:4   | Killed a catoblepas
 19725 | Lair:4   | Identified the +2 robe of Paranoia {Int+2}
 20236 | Lair:4   | Reached XP level 13. HP: 97/102 MP: 11/25
 20241 | Lair:4   | Identified the +0 dire flail of Xieq {elec, rF+ rN+}
 20250 | Lair:4   | Learned a level 5 spell: Borgnjor's Vile Clutch
 20254 | Lair:4   | Noticed Okey's ghost (journeyman DDFi)
 20421 | Lair:4   | Found a hole to the Spider Nest.
 20499 | Lair:4   | Found a transporter.
 20506 | Lair:4   | Found a transporter.
 21064 | Lair:4   | Reached ***** piety under Kikubaaqudgha
 22575 | Lair:5   | Found a viscous altar of Jiyva.
 22577 | Lair:5   | Found a staircase to the Slime Pits.
 22824 | Lair:6   | Entered Level 6 of the Lair of Beasts
 22952 | Lair:6   | Reached skill level 5 in Earth Magic
 23504 | Lair:6   | Reached skill level 13 in Necromancy
 23624 | Lair:6   | Gained mutation: Your large and strong wings let you fly.
                  | [Black Draconian growth]
 23624 | Lair:6   | Reached XP level 14. HP: 60/112 MP: 12/26
 25081 | Lair:6   | Reached ****** piety under Kikubaaqudgha
 25222 | Abyss:1  | Cast into level 1 of the Abyss (chaos spawn)
 25416 | Abyss:1  | Noticed a tentacled starspawn
 25466 | Abyss:1  | Found a corrupted altar of Lugonu.
 25474 | Abyss:1  | Received a gift from Kikubaaqudgha
 25475 | Abyss:1  | Fell from the grace of Kikubaaqudgha
 25475 | Abyss:1  | Became a worshipper of Lugonu the Unformed
 25475 | Abyss:1  | Reached * piety under Lugonu
 25475 | Abyss:1  | Reached ** piety under Lugonu
 25476 | Lair:6   | Escaped the Abyss
 26326 | Lair:6   | Found a corrupted altar of Lugonu.
 26326 | Lair:6   | Found a one-way gate to the infinite horrors of the Abyss.
 26439 | Lair:6   | Identified the +10 long sword of a Million Knives {drain,
                  | rN+}
 26758 | D:10     | Entered Level 10 of the Dungeon
 27158 | D:10     | Found a staircase to the Orcish Mines.
 27945 | D:11     | Found a portal to a secret trove of treasure.
 28727 | D:8      | Bought 2 potions of heal wounds for 120 gold pieces
 28807 | Orc:1    | Entered Level 1 of the Orcish Mines
 28807 | Orc:1    | Found Bausocoy's Distillery.
 28819 | Orc:1    | Reached skill level 1 in Invocations
 28863 | Orc:1    | Bought a potion of heal wounds for 80 gold pieces
 28886 | Orc:1    | Noticed Sonja
 28890 | Orc:1    | Killed Sonja
 29041 | Orc:2    | Entered Level 2 of the Orcish Mines
 29214 | Orc:2    | Found a staircase to the Elven Halls.
 30143 | Orc:2    | Reached *** piety under Lugonu
 30658 | Orc:2    | Found Vauruveno's Antique Weapon Boutique.
 30665 | Orc:2    | Paralysed by an orc sorcerer for 4 turns
 30768 | Orc:2    | Reached XP level 15. HP: 126/126 MP: 20/27
 30780 | Orc:2    | Reached skill level 10 in Fighting
 30789 | Orc:2    | Noticed Nessos
 30796 | Orc:2    | Reached skill level 14 in Necromancy
 31079 | Orc:2    | Killed Nessos
 31253 | Orc:2    | Reached **** piety under Lugonu
 31255 | Orc:2    | Your ally Nessos died
 31295 | Orc:2    | Upgraded the game from 0.31-a0-4-gefa6de2278 to
                  | 0.31-a0-7-g51783674b7
 31295 | Orc:2    | Upgraded the game from 0.31-a0-7-g51783674b7 to
                  | 0.31-a0-45-g5f0c076935
 31463 | Orc:2    | Upgraded the game from 0.31-a0-45-g5f0c076935 to
                  | 0.31-a0-196-g86fe4a5e66
 31874 | Orc:2    | Reduced skill Shapeshifting to level 1
 31874 | Orc:2    | Upgraded the game from 0.31-a0-196-g86fe4a5e66 to
                  | 0.31-a0-845-g9abc20d24f
 31874 | Orc:2    | Upgraded the game from 0.31-a0-845-g9abc20d24f to
                  | 0.32-a0-30-gefbe487952
 31953 | Orc:2    | Mangled by an orc knight

Illustrated notes

Levels and vault maps discovered:
D:1:      tarquinn_simple_flora_water_d, layout_loops_ring, minmay_hexomino_p4
D:2:      layout_basic, chequers_mini_garden, dreamdust_princess_bridge,
          minmay_misc_feat_pillars, uniq_terence, uniq_crazy_yiuf_cottage
D:3:      layout_loops_ring, hellmonk_ecumenical_altar_prayer_group,
          uniq_grinder, uniq_robin
D:4:      layout_cave_pools, grunt_temple_overflow_cloverleaf
D:5:      layout_loops_ring
D:6:      layout_loops_corners, fedhas_altar_fruit_tree,
          minmay_temple_entry_nine_rooms
D:7:      layout_basic, grunt_temple_overflow_open, gammafunk_ghost_cemetery
D:8:      layout_loops_cross, serial_shops, shop
D:9:      minmay_the_grid_triangle_9x9_rhombus_thin
          [minmay_the_grid_triangle_9x9_descending_squares,
          minmay_the_grid_triangle_9x9_prize_special,
          minmay_the_grid_triangle_9x9_corrupted_corridor,
          minmay_the_grid_triangle_9x9_windchime], layout_irregular_city,
          erik_lair_island, enter_bailey_7, uniq_grum, uniq_psyche, uniq_erica,
          uniq_joseph, uniq_prince_ribbit1
D:10:     layout_small_grid, orc_0_dummy, minmay_misc_feat_roman
D:11:     layout_gridville, enter_trove_2
Temple:   bh_familiar_temple
Lair:1:   beast_lair_carwin_large_2, layout_cave_pods, serial_bayou_shore_a,
          lemuel_fruit_tree, grunt_megastairs_4, uniq_fannar
Lair:2:   layout_gridlike, minmay_shoals_entry_beasts, uniq_maggie, uniq_harold
Lair:3:   layout_chaotic_city
Lair:4:   layout_regular_city, spider_nest_entry_rubble, gammafunk_ghost_arena,
          serial_rivers, chequers_serial_rivers_small_b,
          chequers_serial_rivers_room_a, chequers_serial_rivers_large_a,
          chequers_serial_rivers_small_b, chequers_serial_rivers_small_a,
          chequers_serial_rivers_micro_a
Lair:5:   layout_gridlike, minmay_slime_entry_oklob_enclosed
Lair:6:   hellmonk_lair_end_abyssal_woods, layout_small_grid
Orc:1:    layout_caves, serial_shops, shop, bh_open_orc_temple, uniq_sonja
Orc:2:    hellmonk_orc_salted, layout_diamond_mine, uniq_nessos

Skill      XL: |  1  2  3  4  5  6  7  8  9 10 11 12 13 14 15 |
---------------+----------------------------------------------+-----
Necromancy     | 5 6 7 8 10 11 12 13 14 | 14.0
Spellcasting   | 3 4 5 6 8 |  8.0
Evocations     | 2 3 4 6 7 9 |  9.9
Staves         | 2 4 5 7 8 |  8.3
Dodging        | 3 4 6 |  6.0
Stealth        | 3 4 6 7 |  7.0
Fighting       | 2 4 6 8 9 10 | 10.0
Maces & Flails | 1 6 12 13 | 13.7
Transmutations | 2 3 |  0.0
Earth Magic    | 3 5 6 7 |  7.0
Invocations    | 2 4 |  4.0
Shapeshifting  | 1 |  1.7
Alchemy        | 2 |  2.0

Action                     |  1- 3 |  4- 6 |  7- 9 | 10-12 | 13-15 || total
---------------------------+-------+-------+-------+-------+-------++-------
  Melee: Dagger            |     2 |       |       |       |       ||     2
         Staff             |       |    35 |   101 |   307 |   531 ||   974
         Tailslap          |       |     3 |    21 |    56 |   111 ||   191
         Punch             |       |     2 |     1 |     4 |    10 ||    17
         Spear             |       |       |    23 |       |       ||    23
         Demon whip        |       |       |       |    26 |       ||    26
  Throw: Dart              |       |     1 |       |       |       ||     1
   Cast: Pain              |    62 |   121 |   170 |     4 |       ||   357
         Animate Skeleton  |       |     3 |       |       |       ||     3
         Animate Dead      |       |     1 |     9 |    19 |    18 ||    47
         Vampiric Draining |       |     5 |     8 |    81 |    46 ||   140
         Agonizing Touch   |       |       |     1 |     7 |    10 ||    18
         Necrotise         |       |       |       |   217 |    40 ||   257
         Sublimation of Bl |       |       |       |     1 |     2 ||     3
         Borgnjor's Vile C |       |       |       |       |    97 ||    97
         Dispel Undead     |       |       |       |       |     5 ||     5
 Invoke: Unearth Wretches  |       |       |       |     2 |       ||     2
         Receive Forbidden |       |       |       |       |     1 ||     1
         Depart the Abyss  |       |       |       |       |     1 ||     1
Ability: Breathe Lightning |       |       |     4 |     5 |     2 ||    11
  Evoke: Wand              |       |     2 |     1 |    17 |     8 ||    28
         Lightning rod     |       |       |       |       |     4 ||     4
    Use: Scroll            |       |     8 |    14 |     8 |     6 ||    36
         Potion            |       |       |       |     3 |     1 ||     4
   Stab: Sleeping          |     2 |     1 |     1 |     7 |    15 ||    26
         Distracted        |       |       |       |     4 |     6 ||    10
 Armour: Skin              |     2 |    27 |    79 |   157 |   182 ||   447
  Dodge: Dodged            |    11 |    34 |    73 |   282 |   342 ||   742
         Repelled          |       |       |       |       |     2 ||     2
  Block: Other             |       |    16 |    38 |    95 |    72 ||   221
         Reflection        |       |       |     1 |    11 |       ||    12

Table legend: (Time is in decaauts)
 A = Elapsed time spent in this place.
 B = Non-inter-level travel time spent in this place.
 C = Inter-level travel time spent in this place.
 D = Time resting spent in this place.
 E = Time spent auto-exploring this place.
 F = Levels seen in this place.
 G = Mean time per level.
                   A        B        C        D        E       F      G
               +--------+--------+--------+--------+--------+-----+--------+
         Total |  31780 |  29125 |   2655 |    157 |  23906 |  22 | 1444.5 |
       Dungeon |  16293 |  14751 |   1542 |    157 |  12126 |  11 | 1481.2 |
        Temple |     51 |     34 |     17 |      0 |     29 |   1 |   51.0 |
          Lair |  11002 |  10123 |    879 |      0 |   8537 |   6 | 1833.7 |
  Orcish Mines |   3114 |   2898 |    216 |      0 |   2433 |   2 | 1557.0 |
         Abyss |    249 |    249 |      0 |      0 |     89 |   1 |  249.0 |
        Bailey |   1068 |   1068 |      0 |      0 |    691 |   1 | 1068.0 |
               +--------+--------+--------+--------+--------+-----+--------+

Top non-repeatable levels by time:
  Lair:6: 3385 daAuts
   Orc:2: 2396 daAuts
     D:8: 2262 daAuts
     D:9: 2164 daAuts
  Lair:1: 2112 daAuts
  Lair:4: 2072 daAuts
     D:3: 1673 daAuts
     D:7: 1495 daAuts
     D:2: 1468 daAuts
     D:5: 1409 daAuts
     D:6: 1370 daAuts
     D:1: 1357 daAuts
  Lair:5: 1330 daAuts
    D:10: 1204 daAuts
  Lair:2: 1192 daAuts
